 Dungeon Crawl Stone Soup version 0.30-a0-760-g5a9884bb7c (webtiles) character file.

Game seed: 9587744027642474200

214 bande the Covered (level 5, -4/33 HPs)
             Began as a Gargoyle Fighter on Feb 10, 2023.
             Slain by an ogre
             ... wielding a +0 giant club
              (13 damage)
             ... on level 4 of the Dungeon.
             The game lasted 00:03:33 (2851 turns).

bande the Covered (Gargoyle Fighter)                Turns: 2851, Time: 00:03:33

Health: -4/33      AC: 11    Str: 20    XL:     5   Next: 92%
Magic:  5/5        EV:  9    Int:  8    God:
Gold:   239        SH:  4    Dex: 11    Spells: 4/4 levels left

rFire   . . .      SeeInvis .    a - +0 war axe
rCold   . . .      Faith    .    c - +0 buckler
rNeg    + . .      Spirit   .    b - +0 scale mail
rPois   ∞          Reflect  .    (no helmet)
rElec   +          Harm     .    (no cloak)
rCorr   .          Rampage  .    (no gloves)
Will    .....                    (no boots) Stlth
                                 (no amulet)
HPRegen 0.25/turn                (no ring)
MPRegen 0.09/turn                (no ring)

@: no status effects
A: sickness immunity, AC +4, negative energy resistance 1, electricity
resistance, torment resistance 1, petrification resistance
a: no special abilities


You were on level 4 of the Dungeon.
You visited 2 branches of the dungeon, and saw 5 of its levels.

You collected 239 gold pieces.

Inventory:

Hand Weapons
 a - a +0 war axe (weapon)
Armour
 b - a +0 scale mail (worn)
 c - a +0 buckler (worn)
Jewellery
 j - an amulet of faith
 t - a ring of fire
Scrolls
 f - a scroll of vulnerability {unknown}
 g - 4 scrolls of teleportation {unknown}
 h - a scroll of silence {unknown}
 k - 3 scrolls of identify {unknown}
 p - a scroll of magic mapping {unknown}
 q - a scroll of brand weapon {unknown}
 s - a scroll of enchant armour {unknown}
Potions
 d - 3 potions of might
 e - a potion of flight {unknown}
 i - 3 potions of haste {unknown}
 l - a potion of mutation {unknown}
 m - 5 potions of curing {unknown}
 n - 2 potions of brilliance {unknown}
 o - a potion of invisibility {unknown}
 r - a potion of attraction {unknown}


   Skills:
 + Level 4.2 Fighting
 + Level 3.8 Axes
 + Level 4.3 Armour
 + Level 4.0 Shields


You had 4 spell levels left.
You didn't know any spells.
Your spell library contained the following spells:

 Spells                   Type           Power      Damage    Failure   Level
 Ignite Poison            Fire/Tmut/Pois 0%         N/A       99%         3
 Sticky Flame             Conj/Fire      0%         2d3       100%        4
 Ignition                 Fire           0%         3d3       100%        8


Dungeon Overview and Level Annotations

Branches:
Dungeon (4/15)             Temple (1/1) D:4

Altars:
Ashenzari
Dithmenos
Hepliaklqana
Kikubaaqudgha
Okawaru
Trog
Uskayaw
Yredelemnul
Zin
The Shining One


Innate Abilities, Weirdness & Mutations

You are immune to sickness and miasma.
Your stone body is resilient. (AC +4)
You are immune to poison.
You resist negative energy. (rN+)
You are resistant to electric shocks. (rElec)
You are resistant to unholy torment.
You are immune to petrification.


Message History

The adder is severely wounded.
The adder bites you but does no damage. x2
You slash the adder!
You kill the adder!
Your Shields skill increases to level 4!
No target in view!
No target in view!
No target in view!
No target in view!
No target in view!
A goblin comes into view. It is wielding a +0 club.
The goblin shouts!
A goblin is nearby!
The goblin hits you with a +0 club.
You closely miss the goblin. You block the goblin's attack. x2
You closely miss the goblin. The goblin barely misses you.
You slash the goblin!
You kill the goblin!
No target in view!
No target in view!
No target in view!
Things that are here:
a +0 club; a goblin corpse
There is a stone staircase leading down here.
There is a stone staircase leading up here. 2 goblins come into view.
The goblin shouts! x2
There are monsters nearby!
No reachable target in view!
No reachable target in view!
No reachable target in view!
An ogre comes into view. It is wielding a +0 giant club.
The ogre shouts!
Found 8 gold pieces.
Found an iron altar of Okawaru.
You closely miss the ogre.
The ogre hits you with a +0 giant club!!
Ouch! That really hurt!
* * * LOW HITPOINT WARNING * * *
You hit the ogre but do no damage. The ogre hits you with a +0 giant club!
You die...

#.# #..8..# ##.##
#$8_8.# ##...###.#
#..8..# #..#.....#
#≈≈.≈≈# #...[#####
#g≈.≈g# ##.....##
#≈≈.≈≈# #.......###
#..O..# #..........
#..@..####.......###
#.....#.........##
#................###
#.......########....
##...#..# #####
#......############
######.............
############## #


You could see an ogre and 2 goblins.

Vanquished Creatures
  An iguana (D:3)
  An orc wizard (D:4)
  4 gnolls (D:4)
  5 adders
  A dart slug (D:2)
  8 orcs
  3 bats
  5 endoplasms
  A giant cockroach (D:2)
  10 goblins
  4 hobgoblins
  3 jackals (D:2)
  2 quokkas (D:2)
  7 ball pythons
  4 frilled lizards
  7 kobolds
  5 rats
71 creatures vanquished.

Vanquished Creatures (others)
  2 withered plants (D:3)
2 creatures vanquished.

Grand Total: 73 creatures vanquished

Notes
Turn   | Place    | Note
-------+----------+-------------------------------------------
     0 | D:1      | bande the Gargoyle Fighter began the quest for the Orb.
     0 | D:1      | Reached XP level 1. HP: 14/14 MP: 1/1
   147 | D:1      | Reached XP level 2. HP: 15/19 MP: 2/2
   521 | D:2      | Reached XP level 3. HP: 22/23 MP: 3/3
   968 | D:2      | Reached XP level 4. HP: 29/29 MP: 4/4
  1202 | D:2      | Found a faded altar of an unknown god.
  1589 | D:3      | Found a basalt altar of Yredelemnul.
  1890 | D:3      | Reached XP level 5. HP: 7/33 MP: 5/5
  2275 | D:3      | Found a bloodstained altar of Trog.
  2429 | D:4      | Found a staircase to the Ecumenical Temple.
  2440 | Temple   | Entered the Ecumenical Temple
  2440 | Temple   | Found a transporter.
  2440 | Temple   | Found a transporter.
  2445 | Temple   | Found a transporter.
  2445 | Temple   | Found a transporter.
  2845 | D:4      | Noticed an ogre
  2847 | D:4      | Found an iron altar of Okawaru.
  2851 | D:4      | Slain by an ogre

Illustrated notes

Levels and vault maps discovered:
D:1:      moated_graveyard_arrival, layout_rooms
D:2:      kennysheep_the_goblin_king, layout_loops_ring,
          ebering_ecumenical_altar_abandoned, serial_rivers,
          chequers_serial_rivers_large_a, chequers_serial_rivers_micro_b,
          chequers_serial_rivers_micro_d, chequers_serial_rivers_micro_a,
          chequers_serial_rivers_small_3
D:3:      layout_rooms, yredelemnul_altar_generic, lightli_temple_of_fire,
          chequers_serial_rivers_micro_e, minmay_quantized
D:4:      layout_loops_ring, kennysheep_okawaru_gauntlet,
          minmay_temple_entry_statues_pillars
Temple:   hellmonk_temple_divided_pantheon

Skill      XL: |  1  2  3  4  5 |
---------------+----------------+-----
Axes           | 2 3 |  3.8
Fighting       | 4 |  4.2
Armour         | 4 |  4.3
Shields        | 4 |  4.0

Action                     |  1- 3 |  4- 6 || total
---------------------------+-------+-------++-------
  Melee: War axe           |   114 |   133 ||   247
 Armour: Scale mail        |    90 |    71 ||   161
  Dodge: Dodged            |    65 |    59 ||   124
  Block: Buckler           |    44 |    30 ||    74

Table legend: (Time is in decaauts)
 A = Elapsed time spent in this place.
 B = Non-inter-level travel time spent in this place.
 C = Inter-level travel time spent in this place.
 D = Time resting spent in this place.
 E = Time spent auto-exploring this place.
 F = Levels seen in this place.
 G = Mean time per level.
                   A        B        C        D        E       F      G
               +--------+--------+--------+--------+--------+-----+--------+
         Total |   2969 |   2890 |     79 |    192 |   1982 |   5 |  593.8 |
       Dungeon |   2878 |   2799 |     79 |    192 |   1978 |   4 |  719.5 |
        Temple |     90 |     90 |      0 |      0 |      4 |   1 |   90.0 |
               +--------+--------+--------+--------+--------+-----+--------+

Top non-repeatable levels by time:
     D:2: 1124 daAuts
     D:3: 834 daAuts
     D:1: 486 daAuts
     D:4: 432 daAuts
  Temple: 90 daAuts
